Map: [ESL] Ghost River

Players

DnS

  • Race: Protoss Protoss
  • Spawn Location: 1:00

Gerald - Winner!

  • Race: Protoss Protoss
  • Spawn Location: 11:00

Event: ESL SC2 Masters 2024 Spring (Regional)

VOD

Have the link to the VOD?

Description

Time

  • Played on: April 19, 2024, 9:32 a.m.
  • Length: 8:06

All games in this series

Show
View Real Time Build Order
Export as new Build Order

DnS Protoss 

Build Orders: Oracle Opening 

Get SALT Encoding   

  12  0:00  Probe  
  13  0:12  Probe  
  14  0:17  Pylon  
  14  0:24  Probe (Chrono Boost)  
  15  0:36  Probe (Chrono Boost), Gateway  
  16  0:44  Probe (Chrono Boost)  
  16  0:45  Assimilator  
  17  0:51  Probe  
  17  0:54  Assimilator  
  18  1:03  Probe (Chrono Boost)  
  19  1:06  Gateway  
  20  1:12  Probe (Chrono Boost)  
  20  1:17  Probe (Chrono Boost)  
  20  1:23  Cybernetics Core  
  21  1:29  Probe  
  22  1:37  Pylon  
  22  1:41  Probe  
  23  1:59  Stargate  
  23  2:02  Stalker  
  23  2:03  Warp Gate  
  25  2:15  Pylon  
  27  2:19  Stalker  
  27  2:22  Probe  
  29  2:40  Oracle (Chrono Boost)  
  34  2:53  Pylon  
  30  3:03  Robotics Facility  
  30  3:14  Nexus  
  27  3:23  Shield Battery  
  27  3:27  Pylon  
  27  3:35  Probe  
  28  3:44  Pylon  
  28  3:50  Stalker x2  
  28  3:54  Observer (Chrono Boost), Probe  
  32  4:07  Probe (Chrono Boost)  
  33  4:16  Sentry x2  
  37  4:19  Probe (Chrono Boost)  
  38  4:29  Probe x2 (Chrono Boost)  
  40  4:32  Shield Battery  
  40  4:37  Probe (Chrono Boost)  
  40  4:38  Probe (Chrono Boost)  
  42  4:41  Probe (Chrono Boost)  
  42  4:45  Probe  
  44  4:52  Probe  
  45  4:54  Shield Battery  
  45  4:55  Sentry, Stalker  
  45  4:57  Probe  
  50  5:04  Probe  
  51  5:07  Shield Battery  
  51  5:09  Probe  
  54  5:15  Immortal (Chrono Boost)  
  54  5:16  Probe  
  54  5:20  Adept  
  57  5:21  Probe  
  57  5:24  Adept  
  58  5:35  Probe x2  
  60  5:36  Pylon  
  57  5:58  Immortal  
  57  5:59  Probe x2  
  63  6:06  Stalker x2  
  65  6:11  Probe x2  
  65  6:12  Nexus  
  65  6:15  Nexus  
  66  6:19  Pylon  
  66  6:20  Twilight Council  
  66  6:23  Probe  
  66  6:25  Probe  
  67  6:27  Immortal (Chrono Boost)  
  67  6:28  Shield Battery  
  67  6:35  Probe  
  67  6:37  Probe  
  68  6:46  Adept  
  70  6:47  Immortal (Chrono Boost), Probe  
  69  6:59  Probe, Shield Battery  
  70  7:01  Assimilator  
  70  7:03  Stalker  
  70  7:07  Probe  
  73  7:11  Probe  
  70  7:18  Pylon, Forge  
  70  7:20  Immortal, Probe (Chrono Boost)  
  75  7:24  Probe (Chrono Boost)  
  75  7:28  Probe (Chrono Boost)  
  75  7:29  Gateway x2  
  77  7:32  Probe (Chrono Boost)  
  74  7:39  Probe (Chrono Boost)  
  74  7:41  Probe x2 (Chrono Boost)  
  74  7:42  Stalker x2  
  74  7:56  Pylon  
Show
View Real Time Build Order
Export as new Build Order

Gerald Protoss - Winner!

Build Orders: Blink Stalkers 

Get SALT Encoding   

  12  0:00  Probe  
  13  0:12  Probe  
  14  0:17  Pylon  
  14  0:24  Probe (Chrono Boost)  
  16  0:36  Gateway  
  16  0:37  Probe (Chrono Boost)  
  16  0:42  Probe (Chrono Boost)  
  16  0:45  Assimilator  
  17  0:52  Probe (Chrono Boost)  
  17  0:53  Assimilator  
  18  1:04  Probe (Chrono Boost)  
  19  1:06  Gateway  
  19  1:13  Probe (Chrono Boost)  
  19  1:18  Probe  
  20  1:23  Cybernetics Core  
  21  1:30  Probe  
  22  1:32  Pylon  
  22  1:43  Probe  
  23  1:55  Probe  
  23  1:59  Stalker  
  23  2:00  Warp Gate, Stalker  
  28  2:07  Probe  
  29  2:19  Probe  
  29  2:22  Pylon  
  30  2:37  Probe  
  30  2:39  Stalker  
  30  2:40  Stalker  
  35  2:44  Shield Battery  
  35  2:49  Probe  
  36  2:54  Robotics Facility  
  36  2:59  Twilight Council  
  36  3:03  Pylon  
  36  3:21  Nexus  
  36  3:24  Probe (Chrono Boost)  
  37  3:31  Pylon  
  37  3:36  Probe (Chrono Boost)  
  37  3:40  Blink (Chrono Boost)  
  38  3:53  Probe  
  38  3:55  Adept x2  
  43  4:05  Probe  
  44  4:17  Robotics Facility, Probe  
  44  4:19  Sentry  
  47  4:33  Probe  
  47  4:37  Probe (Chrono Boost)  
  50  4:45  Probe (Chrono Boost)  
  50  4:49  Probe (Chrono Boost)  
  51  4:54  Stalker x2, Gateway  
  51  4:55  Probe (Chrono Boost)  
  51  4:56  Probe (Chrono Boost)  
  57  5:00  Probe (Chrono Boost)  
  57  5:03  Observer, Probe  
  60  5:10  Pylon  
  60  5:11  Probe  
  60  5:14  Forge  
  61  5:15  Probe  
  62  5:29  Probe  
  62  5:30  Nexus  
  62  5:31  Stalker  
  62  5:33  Pylon  
  62  5:34  Probe  
  64  5:44  Stalker  
  64  5:45  Probe  
  64  5:47  Probe  
  68  5:56  Immortal (Chrono Boost)  
  66  5:58  Stalker x2  
  66  5:59  Probe  
  66  6:00  Shield Battery  
  66  6:01  Probe  
  76  6:11  Probe  
  76  6:13  Probe  
  78  6:24  Gateway  
  78  6:26  Gateway  
  78  6:27  Pylon  
  78  6:29  Gateway  
  78  6:30  Charge (Chrono Boost)  
  78  6:37  Probe x2  
  78  6:38  Shield Battery  
  78  6:40  Pylon  
  78  6:52  Stalker x3, Probe  
  78  6:53  Probe x2  
  83  7:04  Probe  
  84  7:12  Probe  
  84  7:13  Probe  
  86  7:16  Pylon, Gateway  
  86  7:20  Pylon  
  86  7:21  Stalker x4  
  94  7:23  Warp Prism  
  94  7:28  Gateway  
  90  7:56  Stalker x4  
Tags
 
Add a new tag
Caveats
  • Supply blocks, unpowered buildings, or Contaminate may cause inaccurate times.
  • Supply counts are checked every 10 seconds.